Unix NetHack Version 3.7.0-71 Work-in-progress - last build Jan 31 2023 02:41:03 (7ba98a1283f2b7cec35fde026edb48fc825ab8ae,branch:master). Game began 2023-02-05 04:58:00, ended 2023-02-05 05:14:00. nmlkj, chaotic male human Wizard G G Gh ---- G G. --.@| s....hss.| G ..........- .....G....: .....hs.. G ...n.*:..... ...i.......... ...........|... .......|..---)- --.------ --- --- Nmlkj the Conjurer St:9 Dx:14 Co:13 In:18 Wi:10 Ch:12 Chaotic S:1156 Dlvl:5 $:28 HP:0(34) Pw:2(54) AC:1 Xp:5/232 T:1613 Blind Latest messages: The gnome lord hits! You hit the dwarf. The dwarf reads a scroll of create monster! A brown mold suddenly appears next to you! A yellow light suddenly appears next to you! A cave spider suddenly appears next to you! A mountain nymph suddenly appears next to you! An iguana suddenly appears close by! A ghoul suddenly appears next to you! The paper golem hits! You are almost hit by a rock. The paper golem hits! You are hit by a rock. You fail to cast the spell correctly. The paper golem hits! You hit the paper golem! The cave spider bites! The paper golem hits! You are hit by a crossbow bolt. You are hit by a crossbow bolt. The cave spider misses! It is missed. The crossbow bolt hits the paper golem. It is hit. The yellow light explodes! You are blinded by a blast of light! In what direction? b The spell misses the cave spider. The cave spider bites! It hits! You don't have enough energy to cast that spell. You miss it. The cave spider misses! It hits! It hits! You miss it. The cave spider bites! It hits! The iguana is hit. The iguana is hit. You miss it. The cave spider misses! It hits! It just misses! It is missed. It is hit. Are you sure you want to pray? [yn] (n) y You begin praying to Anhur. The cave spider bites! You die... Inventory: Coins $ - 28 gold pieces Weapons a - a blessed +1 quarterstaff named Nmlkj (weapon in hands) Armor z - an uncursed +0 dwarvish iron helm (being worn) b - an uncursed +0 cloak of magic resistance (being worn) y - an uncursed +0 dwarvish mithril-coat (being worn) Comestibles v - an uncursed slime mold o - an uncursed cram ration m - an uncursed egg t - 3 uncursed lichen corpses Scrolls p - a cursed scroll of blank paper w - a blessed scroll of create monster x - an uncursed scroll of enchant armor u - an uncursed scroll of fire j - an uncursed scroll of genocide i - an uncursed scroll of identify A - an uncursed scroll of identify Spellbooks l - an uncursed spellbook of create monster n - an uncursed spellbook of dig k - a blessed spellbook of force bolt Potions g - an uncursed potion of monster detection q - an uncursed potion of sleeping Rings e - an uncursed ring of invisibility named Nmlkj d - an uncursed ring of polymorph Wands c - a wand of probing (0:5) Gems/Stones B - an uncursed worthless piece of red glass Nmlkj the Wizard's attributes: Background: You were a Conjurer, a level 5 male human Wizard. You were chaotic, on a mission for Anhur who was opposed by Ptah (lawful) and Thoth (neutral). You were in the Gnomish Mines, on level 5. You entered the dungeon 1613 turns ago. It was nighttime. There was a full moon in effect when your adventure ended. You had 232 experience points, 88 more were needed to attain level 6. Your score was 1156 before end-of-game adjustments. Basics: You had 0 out of 34 hit points. You had 2 out of 54 energy points (spell power). Your armor class was 1. Your wallet contained 28 zorkmids. Autopickup was on for '$' plus thrown. Final Characteristics: Your strength was 9 (limit:18/100). Your dexterity was 14 (limit:18). Your constitution was 13 (limit:18). Your intelligence was 18 (limit:18). Your wisdom was 10 (limit:18). Your charisma was 12 (limit:18). Final Status: You were temporarily blind. You were not hungry. You were unencumbered. You were wielding a quarterstaff. You had basic skill with quarterstaff. Final Attributes: You were devoutly aligned. You were magic-protected. You were telepathic. You were guarded. You were lucky. You are dead. Miscellaneous: You disabled loading of bones levels. Total elapsed playing time was 16 minutes. Major events: Turn 1: nmlkj the chaotic male human Wizard entered the dungeon 689: entered the Gnomish Mines 707: attained the rank of Conjurer (level 3) 1613: killed by a cave spider, while praying Vanquished creatures: a yellow light 5 gnome leaders a little dog a floating eye 2 dwarves a hobbit a hobgoblin 3 cave spiders a red mold 9 gnomes a gecko 2 jackals a kobold 2 goblins 2 grid bugs 5 lichens a kobold zombie 3 newts 42 creatures vanquished. No species were genocided or became extinct. Voluntary challenges: You read items or engraved 2 times. You never engraved Elbereth. You never genocided any monsters. You never polymorphed an object. You never changed form. You used no wishes. Achievements: You entered a shop. You entered the Gnomish Mines. You attained the rank of Conjurer. The Dungeons of Doom: levels 1 to 4 Level 1: A fountain. Level 2: An armor shop, a fountain. Level 3: An altar, a fountain. Stairs down to The Gnomish Mines. Level 4: The Gnomish Mines: levels 4 to 5 Level 4: Level 5: <- You were here. Final resting place for you, killed by a cave spider, while praying. Game over: ---------- / \ / REST \ / IN \ / PEACE \ / \ | nmlkj | | 28 Au | | killed by a cave | | spider | | | | | | 2023 | *| * * * | * _________)/\\_//(\/(/\)/\//\/|_)_______ Goodbye nmlkj the Wizard... You died in The Gnomish Mines on dungeon level 5 with 1154 points, and 28 pieces of gold, after 1613 moves. You were level 5 with a maximum of 34 hit points when you died.